PR
SURPRISE SHOCKERS @ OGALLALA OCTOPI
09/03/2037
 
TOP OF THE 1ST
Surprise Shockers batting - Pitching for Ogallala Octopi : RHP Ed Callahan
Pitching: RHP Ed Callahan
Batting: LHB Bill Kirby 0-0: Foul Ball, location: 2F
0-1: Foul Ball, location: 2F
0-2: TRIPLE (Flyball, 89XD, EV 111.9 MPH)
Batting: RHB Ernest Lesley 0-0: Ball
1-0: Foul Ball, location: 2F
1-1: Ball
2-1: Ball
3-1: Called Strike
3-2: Foul Ball, location: 2F
3-2: Fly out, F9 (Flyball, 89M, EV 87.5 MPH)
Runner from 3rd tags up, SCORES, no throw by RF
Batting: LHB Dirk Horwedel 0-0: Called Strike
0-1: Ball
1-1: Ball
2-1: Ball
3-1: Base on Balls
Batting: LHB Jamie Starr 0-0: Called Strike
0-1: Foul Ball, location: 2F
0-2: Foul Ball, location: 2F
0-2: Ball
1-2: Foul Ball, location: 2F
1-2: Foul Ball, location: 2F
1-2: Ball
Dirk Horwedel steals 2nd base
2-2: Fly out, F8 (Flyball, 8RD, EV 104.4 MPH)
Batting: RHB Kunitaro Nii 0-0: Ball
1-0: Called Strike
1-1: Ground out 4-3 (Groundball, 4MS, EV 81.2 MPH)
Top of the 1st over - 1 run, 1 hit, 0 errors, 1 left on base; Surprise 1 - Ogallala 0
BOTTOM OF THE 1ST
Ogallala Octopi batting - Pitching for Surprise Shockers : RHP Claude Khatoon
Pitching: RHP Claude Khatoon
Batting: RHB José Garrastazu 0-0: Ball
1-0: Reached on error, E3 (Groundball, 34, EV 88.8 MPH)
Batting: RHB León Galiano 0-0: Foul Ball, location: 2F
0-1: Called Strike
0-2: Ball
Passed Ball!
José Garrastazu to third
1-2: Hit by Pitch
Batting: RHB Tobias Valencia 0-0: Foul Ball, location: 2F
0-1: Ball
1-1: Fly out, F9 (Flyball, 89S, EV 73.8 MPH)
Batting: RHB Shalom Gestel 0-0: Called Strike
0-1: Ball
1-1: Called Strike
1-2: Foul Ball, location: 2F
1-2: Ball
2-2: Foul Ball, location: 2F
2-2: Strikes out swinging
León Galiano steals 2nd base
Batter strikes out.
Batting: SHB Jim Santos 0-0: SINGLE (Groundball, 4MD, EV 98.1 MPH)
José Garrastazu scores
León Galiano to third
Runner from 3rd tries for Home, SAFE, throw by CF to home
Batting: RHB Paul Sanders 0-0: Ball
Passed Ball!
Jim Santos to second
1-0: Foul Ball, location: 2F
1-1: Called Strike
1-2: Ball
2-2: Ball
3-2: Ground out 6-3 (Groundball, 6S, EV 83.1 MPH)
Bottom of the 1st over - 2 runs, 1 hit, 1 error, 1 left on base; Surprise 1 - Ogallala 2
TOP OF THE 2ND
Surprise Shockers batting - Pitching for Ogallala Octopi : RHP Ed Callahan
Batting: LHB Lewis N. Clark 0-0: Ball
1-0: Ball
2-0: Called Strike
2-1: Foul Ball, location: 2F
2-2: Ball
3-2: Ground out 4-3 (Groundball, 4, EV 106.2 MPH)
Batting: RHB Edgar López 0-0: Called Strike
0-1: Called Strike
0-2: Ball
1-2: Foul Ball, location: 2F
1-2: Ground out 6-3 (Groundball, 6, EV 109.4 MPH)
Batting: RHB Mark Fontenot 0-0: SINGLE (Line Drive, 9LS, EV 93.1 MPH)
Batting: LHB Steve Murdock 0-0: Swinging Strike
0-1: Ball
1-1: Ball
2-1: Fly out, F9 (Flyball, 89S, EV 77.5 MPH)
Top of the 2nd over - 0 runs, 1 hit, 0 errors, 1 left on base; Surprise 1 - Ogallala 2
BOTTOM OF THE 2ND
Ogallala Octopi batting - Pitching for Surprise Shockers : RHP Claude Khatoon
Batting: SHB Inigo Montoya 0-0: Ball
1-0: Ground out 4-3 (Groundball, 34D, EV 81.9 MPH)
Batting: RHB Michael Jones 0-0: Ball
1-0: Ball
2-0: Called Strike
2-1: SINGLE (Line Drive, 4D, EV 95.0 MPH)
Batting: RHB Try Fryfogle 0-0: Swinging Strike
0-1: Foul Ball, location: 2F
0-2: SINGLE (Line Drive, 7S, EV 96.2 MPH)
Michael Jones to second
Batting: RHB José Garrastazu 0-0: Foul Ball, location: 2F
0-1: Ball
1-1: Ball
2-1: Ball
3-1: Fly out, F9 (Flyball, 9LS, EV 85.0 MPH)
Batting: RHB León Galiano 0-0: Ball
1-0: SINGLE (Groundball, 56D, EV 105.0 MPH)
Michael Jones to third
Try Fryfogle to second
Runner from 3rd tries for Home, SAFE, no throw by LF
Batting: RHB Tobias Valencia 0-0: Swinging Strike
0-1: Ball
1-1: Called Strike
1-2: Fly out, F7 (Flyball, 78M, EV 93.8 MPH)
Bottom of the 2nd over - 1 run, 3 hits, 0 errors, 2 left on base; Surprise 1 - Ogallala 3
TOP OF THE 3RD
Surprise Shockers batting - Pitching for Ogallala Octopi : RHP Ed Callahan
Batting: LHB Bill Kirby 0-0: Ball
1-0: Fly out, F5 (Popup, 5S, EV 89.4 MPH)
Batting: RHB Ernest Lesley 0-0: Swinging Strike
0-1: Called Strike
0-2: Ball
1-2: Ball
2-2: Strikes out swinging
Batting: LHB Dirk Horwedel 0-0: Ball
1-0: Called Strike
1-1: Ground out 1-3 (Groundball, 13S, EV 68.1 MPH)
Top of the 3rd over - 0 runs, 0 hits, 0 errors, 0 left on base; Surprise 1 - Ogallala 3
BOTTOM OF THE 3RD
Ogallala Octopi batting - Pitching for Surprise Shockers : RHP Claude Khatoon
Batting: RHB Shalom Gestel 0-0: Ball
1-0: Ball
2-0: Ground out 5-3 (Groundball, 5L, EV 97.5 MPH)
Batting: SHB Jim Santos 0-0: Ball
1-0: Hit by Pitch
Batting: RHB Paul Sanders 0-0: Called Strike
0-1: Ball
1-1: Foul Ball, location: 2F
1-2: Strikes out swinging
Batting: SHB Inigo Montoya 0-0: Foul Ball, location: 2F
0-1: Ball
1-1: Ball
2-1: Foul Ball, location: 2F
2-2: DOUBLE (Line Drive, 7LM, EV 107.5 MPH)
Jim Santos to third
Batting: RHB Michael Jones 0-0: Foul Ball, location: 2F
0-1: Ball
1-1: Swinging Strike
1-2: Ground out 4-3 (Groundball, 4M, EV 87.5 MPH)
Bottom of the 3rd over - 0 runs, 1 hit, 0 errors, 2 left on base; Surprise 1 - Ogallala 3
TOP OF THE 4TH
Surprise Shockers batting - Pitching for Ogallala Octopi : RHP Ed Callahan
Batting: LHB Jamie Starr 0-0: Ball
1-0: Swinging Strike
1-1: DOUBLE (Line Drive, 89XD, EV 106.2 MPH)
Batting: RHB Kunitaro Nii 0-0: Called Strike
0-1: Ball
1-1: TRIPLE (Line Drive, 9LD, EV 106.9 MPH)
Jamie Starr scores
Batting: LHB Lewis N. Clark 0-0: Foul Ball, location: 2F
0-1: Foul Ball, location: 2F
0-2: Ball
1-2: Ball
2-2: Foul Ball, location: 2F
2-2: Fly out, F8 (Flyball, 89S, EV 80.0 MPH)
Batting: RHB Edgar López 0-0: Ball
1-0: Ground out 5-3 (Groundball, 56, EV 77.5 MPH)
Kunitaro Nii scores
Batting: RHB Mark Fontenot 0-0: Called Strike
0-1: SINGLE (Groundball, 6, EV 79.4 MPH) (infield hit)
Batting: LHB Steve Murdock 0-0: Ball
1-0: Called Strike
1-1: Ball
2-1: SINGLE (Groundball, 34D, EV 97.5 MPH)
Mark Fontenot to second
Runner from 2nd tries for 3rd, SAFE, no throw by RF
Batting: LHB Bill Kirby 0-0: Ball
1-0: Ball
Wild Pitch!
Mark Fontenot scores
Steve Murdock to second
2-0: Ball
3-0: Called Strike
3-1: DOUBLE (Groundball, 3L, EV 98.1 MPH)
Steve Murdock scores
Pitching: LHP Rafael Gallegos
Batting: RHB Ernest Lesley 0-0: Ball
1-0: Fly out, F9 (Flyball, 9S, EV 85.6 MPH)
Top of the 4th over - 4 runs, 5 hits, 0 errors, 1 left on base; Surprise 5 - Ogallala 3
BOTTOM OF THE 4TH
Ogallala Octopi batting - Pitching for Surprise Shockers : RHP Claude Khatoon
Batting: RHB Try Fryfogle 0-0: Fly out, F8 (Flyball, 8LM, EV 83.1 MPH)
Batting: RHB José Garrastazu 0-0: Fly out, F6 (Popup, 4MD, EV 58.1 MPH)
Batting: RHB León Galiano 0-0: Ball
1-0: Called Strike
1-1: Foul Ball, location: 2F
1-2: Ball
2-2: Ball
3-2: Ground out 5-3 (Groundball, 56, EV 103.8 MPH)
Bottom of the 4th over - 0 runs, 0 hits, 0 errors, 0 left on base; Surprise 5 - Ogallala 3
TOP OF THE 5TH
Surprise Shockers batting - Pitching for Ogallala Octopi : LHP Rafael Gallegos
Batting: LHB Dirk Horwedel 0-0: Ball
1-0: Fly out, F8 (Flyball, 89M, EV 86.2 MPH)
Batting: LHB Jamie Starr 0-0: Ball
1-0: Ground out 1-3 (Groundball, 34S, EV 76.2 MPH)
Batting: RHB Kunitaro Nii 0-0: Called Strike
0-1: Ball
1-1: Called Strike
1-2: Ball
2-2: Ball
3-2: Base on Balls
Batting: LHB Lewis N. Clark 0-0: Swinging Strike
0-1: Ball
1-1: Ball
2-1: Foul Ball, location: 2F
2-2: Foul Ball, location: 2F
2-2: SINGLE (Groundball, 56D, EV 108.1 MPH)
Kunitaro Nii to second
Batting: RHB Edgar López 0-0: Swinging Strike
0-1: Foul Ball, location: 2F
0-2: Strikes out swinging
Top of the 5th over - 0 runs, 1 hit, 0 errors, 2 left on base; Surprise 5 - Ogallala 3
BOTTOM OF THE 5TH
Ogallala Octopi batting - Pitching for Surprise Shockers : RHP Claude Khatoon
Batting: RHB Tobias Valencia 0-0: Ball
1-0: Reached on error, E6 (Groundball, 6, EV 83.1 MPH)
Batting: RHB Shalom Gestel 0-0: Ball
1-0: Ball
2-0: Foul Ball, location: 2F
2-1: Foul Ball, location: 2F
2-2: Fly out, F8 (Flyball, 8RD, EV 98.8 MPH)
Batting: SHB Jim Santos 0-0: Fly out, F7 (Flyball, 7LS, EV 89.4 MPH)
Batting: RHB Paul Sanders 0-0: Called Strike
0-1: Ball
Tobias Valencia steals 2nd base (no throw)
1-1: Swinging Strike
1-2: Fly out, F6 (Line Drive, 6, EV 71.2 MPH)
Bottom of the 5th over - 0 runs, 0 hits, 1 error, 1 left on base; Surprise 5 - Ogallala 3
TOP OF THE 6TH
Surprise Shockers batting - Pitching for Ogallala Octopi : LHP Rafael Gallegos
Batting: RHB Mark Fontenot 0-0: Fly out, F8 (Flyball, 89D, EV 95.6 MPH)
Batting: LHB Steve Murdock 0-0: Ball
1-0: Called Strike
1-1: Called Strike
1-2: Strikes out swinging
Batting: LHB Bill Kirby 0-0: Called Strike
0-1: Foul Ball, location: 2F
0-2: Ball
1-2: Strikes out swinging
Top of the 6th over - 0 runs, 0 hits, 0 errors, 0 left on base; Surprise 5 - Ogallala 3
BOTTOM OF THE 6TH
Ogallala Octopi batting - Pitching for Surprise Shockers : RHP Claude Khatoon
Batting: SHB Inigo Montoya 0-0: Ground out 6-3 (Groundball, 56D, EV 98.8 MPH)
Batting: RHB Michael Jones 0-0: Foul Ball, location: 2F
0-1: Ball
1-1: Fly out, F4 (Line Drive, 4, EV 66.2 MPH)
Batting: RHB Try Fryfogle 0-0: Called Strike
0-1: Foul Ball, location: 2F
0-2: Ball
1-2: SINGLE (Groundball, 6S, EV 63.1 MPH) (infield hit)
Batting: RHB José Garrastazu 0-0: Ball
1-0: Ball
2-0: Swinging Strike
2-1: Fly out, F9 (Flyball, 89S, EV 83.8 MPH)
Bottom of the 6th over - 0 runs, 1 hit, 0 errors, 1 left on base; Surprise 5 - Ogallala 3
TOP OF THE 7TH
Surprise Shockers batting - Pitching for Ogallala Octopi : LHP Rafael Gallegos
Batting: RHB Ernest Lesley 0-0: Called Strike
0-1: Ball
1-1: Swinging Strike
1-2: SINGLE (Groundball, 6D, EV 105.0 MPH)
Batting: LHB Dirk Horwedel 0-0: Called Strike
0-1: Ball
1-1: Ball
2-1: Foul Ball, location: 2F
2-2: Ball
3-2: Strikes out looking
Batting: LHB Jamie Starr 0-0: Ball
1-0: Ball
2-0: Called Strike
2-1: Fly out, F5 (Popup, 56S, EV 77.5 MPH)
Batting: RHB Kunitaro Nii 0-0: Ball
1-0: Ball
2-0: Ball
3-0: Called Strike
3-1: Foul Ball, location: 2F
3-2: SINGLE (Line Drive, 78M, EV 102.5 MPH)
Ernest Lesley to second
Ernest Lesley to third
Batting: LHB Lewis N. Clark 0-0: SINGLE (Groundball, 56S, EV 71.2 MPH) (infield hit)
Ernest Lesley scores
Kunitaro Nii to second
Batting: RHB Edgar López 0-0: Called Strike
0-1: Ball
1-1: Ball
2-1: Ball
3-1: Base on Balls
Kunitaro Nii to third
Lewis N. Clark to second
Batting: RHB Mark Fontenot 0-0: Foul Ball, location: 2F
0-1: Ball
1-1: Swinging Strike
1-2: Foul Ball, location: 2F
1-2: Strikes out swinging
Top of the 7th over - 1 run, 3 hits, 0 errors, 3 left on base; Surprise 6 - Ogallala 3
BOTTOM OF THE 7TH
Ogallala Octopi batting - Pitching for Surprise Shockers : RHP Claude Khatoon
Batting: RHB León Galiano 0-0: Called Strike
0-1: Ball
1-1: Called Strike
1-2: Ball
2-2: SINGLE (Line Drive, 9LS, EV 105.6 MPH)
Pitching: LHP Huo-tu Cong
Batting: RHB Tobias Valencia 0-0: Grounds into double play, 5-4-3 (Groundball, 56, EV 111.2 MPH)
Batting: RHB Shalom Gestel 0-0: SINGLE (Line Drive, 8LS, EV 93.1 MPH)
Batting: SHB Jim Santos 0-0: Ball
1-0: Foul Ball, location: 2F
1-1: Swinging Strike
1-2: SINGLE (Groundball, 6D, EV 95.0 MPH)
Shalom Gestel to second
Batting: RHB Paul Sanders 0-0: Ball
1-0: Fielders Choice at 2nd, 6-4 (Groundball, 6, EV 90.0 MPH)
Bottom of the 7th over - 0 runs, 3 hits, 0 errors, 2 left on base; Surprise 6 - Ogallala 3
TOP OF THE 8TH
Surprise Shockers batting - Pitching for Ogallala Octopi : LHP Rafael Gallegos
Batting: LHB Steve Murdock 0-0: Swinging Strike
0-1: Foul Ball, location: 2F
0-2: Strikes out swinging
Batting: LHB Bill Kirby 0-0: Foul Ball, location: 2F
0-1: Ball
1-1: Foul Ball, location: 2F
1-2: Ball
2-2: Fly out, F4 (Popup, 13S, EV 88.1 MPH)
Pitching: RHP Cristián Padilla
Batting: RHB Ernest Lesley 0-0: Called Strike
0-1: Swinging Strike
0-2: Strikes out looking
Top of the 8th over - 0 runs, 0 hits, 0 errors, 0 left on base; Surprise 6 - Ogallala 3
BOTTOM OF THE 8TH
Ogallala Octopi batting - Pitching for Surprise Shockers : LHP Huo-tu Cong
Batting: SHB Inigo Montoya 0-0: Ball
1-0: Ball
2-0: Called Strike
2-1: Foul Ball, location: 2F
2-2: Ball
3-2: Foul Ball, location: 2F
3-2: Foul Ball, location: 2F
3-2: Foul Ball, location: 2F
3-2: Strikes out swinging
Batting: RHB Michael Jones 0-0: Ball
1-0: Ground out 1-3 (Groundball, 23, EV 86.2 MPH)
Batting: RHB Try Fryfogle 0-0: Foul Ball, location: 2F
0-1: Ball
1-1: Swinging Strike
1-2: Strikes out swinging
Bottom of the 8th over - 0 runs, 0 hits, 0 errors, 0 left on base; Surprise 6 - Ogallala 3
TOP OF THE 9TH
Surprise Shockers batting - Pitching for Ogallala Octopi : RHP Cristián Padilla
Batting: LHB Dirk Horwedel 0-0: Ball
1-0: Called Strike
1-1: Ball
2-1: Called Strike
2-2: SINGLE (Line Drive, 9S, EV 106.9 MPH)
Batting: LHB Jamie Starr 0-0: Ball
1-0: Called Strike
1-1: Ball
2-1: Called Strike
2-2: Foul Ball, location: 2F
2-2: Foul Ball, location: 2F
2-2: Foul Ball, location: 2F
2-2: Fly out, F5 (Popup, 5DF, EV 45.0 MPH)
Batting: RHB Kunitaro Nii 0-0: Swinging Strike
0-1: Fly out, F3 (Line Drive, 3, EV 65.0 MPH)
Batting: LHB Lewis N. Clark 0-0: Foul Ball, location: 2F
0-1: Ball
1-1: Swinging Strike
1-2: Ball
2-2: Foul Ball, location: 2F
2-2: Strikes out swinging
Top of the 9th over - 0 runs, 1 hit, 0 errors, 1 left on base; Surprise 6 - Ogallala 3
BOTTOM OF THE 9TH
Ogallala Octopi batting - Pitching for Surprise Shockers : LHP Huo-tu Cong
Pitching: LHP José Martínez
Batting: RHB José Garrastazu 0-0: Called Strike
0-1: Ball
1-1: Ball
2-1: Called Strike
2-2: Ball
3-2: Base on Balls
Batting: RHB León Galiano 0-0: Ball
1-0: Called Strike
1-1: Ball
2-1: Swinging Strike
2-2: SINGLE (Groundball, 34D, EV 98.1 MPH)
José Garrastazu to second
Pitching: RHP Juriaan van Maaren
Pinch Hitting: SHB Ánibal Arroyo 0-0: Foul Ball, location: 2F
0-1: Ball
1-1: Ball
2-1: Called Strike
2-2: Ball
3-2: Fly out, F8 (Flyball, 8RM, EV 96.9 MPH)
Batting: RHB Shalom Gestel 0-0: Ball
1-0: Ball
2-0: Fly out, F8 (Line Drive, 8LD, EV 103.8 MPH)
Pinch Hitting: LHB Lao-che Ching 0-0: Ball
1-0: Called Strike
1-1: Called Strike
1-2: Strikes out looking
Bottom of the 9th over - 0 runs, 1 hit, 0 errors, 2 left on base; Surprise 6 - Ogallala 3
Thursday, January 23rd, 2020 - OOTP Baseball 20.8 Build 74